 Dungeon Crawl Stone Soup version 0.27-a0-887-gcab673c142 (webtiles) character file.

Game seed: 17111119891338972664

110 P0NYSLAYSTATION the Skirmisher (level 4, -2/35 HPs)
             Began as a Demonspawn Fighter on Apr 4, 2021.
             Slain by a hornet (8 damage)
             ... while paralysed by a hornet
             ... on level 5 of the Dungeon.
             The game lasted 00:05:18 (1097 turns).

P0NYSLAYSTATION the Skirmisher (Demonspawn Fighter) Turns: 1097, Time: 00:05:21

Health: -2/35      AC: 10    Str: 16    XL:     4   Next: 61%
Magic:  4/4        EV:  2    Int: 11    God:
Gold:   41         SH:  0    Dex: 12    Spells: 3/3 levels left

rFire    . . .     SeeInvis .   a - +0 trident
rCold    . . .     Faith    .   c - +0 kite shield
rNeg     . . .     Spirit   .   b - +0 scale mail
rPois    .         Reflect  .   (helmet restricted)
rElec    .         Harm     .   (no cloak)
rCorr    .         Rampage  .   (no gloves)
Will     .....                  g - +2 pair of boots
Stlth    ..........             (no amulet)
HPRegen  0.11/turn              (no ring)
MPRegen  0.09/turn              (no ring)

@: paralysed, lethally poisoned (-2 -> -16)
A: horns 1, powered by death 1
a: no special abilities


You were on level 5 of the Dungeon.
You visited 1 branch of the dungeon, and saw 5 of its levels.

You collected 41 gold pieces.

Inventory:

Hand Weapons
 a - a +0 trident (weapon)
Armour
 b - a +0 scale mail (worn)
 c - a +0 kite shield (worn)
 g - a +2 pair of boots (worn)
Wands
 k - a wand of iceblast (2)
Scrolls
 d - a scroll of fog
 e - a scroll of noise
 i - a scroll of magic mapping {unknown}
 l - a scroll of teleportation {unknown}
 n - a scroll of enchant weapon {unknown}
Potions
 f - 2 potions of curing
 j - a potion of magic {unknown}
 m - a potion of degeneration {unknown}


   Skills:
 + Level 3.3 Fighting
 + Level 3.0 Polearms
 + Level 3.3 Armour
 + Level 0.3 Dodging
 + Level 0.2 Stealth
 + Level 3.3 Shields


You had 3 spell levels left.
You didn't know any spells.
Your spell library contained the following spells:

 Spells                   Type           Power      Damage    Failure   Level
 Corona                   Hex            0%         N/A       99%         1
 Ensorcelled Hibernation  Hex/Ice        0%         N/A       100%        2
 Confusing Touch          Hex            0%         N/A       100%        3
 Dazzling Flash           Conj/Hex       0%         N/A       100%        3
 Tukima's Dance           Hex            0%         N/A       100%        3


Dungeon Overview and Level Annotations

Branches:
Dungeon (5/15)
 Temple: D:4-7

Altars:

Shops:
D:3 *


Innate Abilities, Weirdness & Mutations

You have a pair of small horns on your head.
You regenerate a little health from kills.


Message History

A dart slug comes into view.
Found a large jade ring.
The dart slug launches a dart at you. The slug dart hits you.
You enter the shallow water.
Moving in this stuff is going to be slow.
The dart slug launches a dart at you.
The slug dart hits you but does no damage.
Found a scroll labelled XADUROSATS.
Found a battleaxe.
An ogre comes into view. It is wielding a +0 giant club.
The ogre shouts!
You hear an angry buzzing noise.
The dart slug launches a dart at you. You block the slug dart.
You see here a scroll labelled QIGHUADGHIOWA.
n - a scroll labelled QIGHUADGHIOWA A hornet comes into view.
A water moccasin zombie comes into view.
As you read the scroll labelled XADUROSATS, it crumbles to dust.
The scroll dissolves into smoke.
It was a scroll of fog.
As you read the scroll labelled RYOLIRR MIMN, it crumbles to dust.
You hear a loud clanging noise!
It was a scroll of noise.
You hear a shout! x2; You hear an angry hiss.
The ogre hits you with a +0 giant club!
You enter the shallow water.
Moving in this stuff is going to be slow.
Why would you want to do that? You block the hornet's attack.
You see here a dart slug corpse.
The hornet stings you but does no damage.
As you read the scroll labelled WAWNOR NUOKK, it crumbles to dust.
It is a scroll of identify.
f - 2 potions of curing The hornet stings you!
You are lethally poisoned!
You suddenly lose the ability to move!
The ogre hits you with a +0 giant club!
* * * LOW HITPOINT WARNING * * *
The hornet stings you!
You die...

. ..>
..#.............# .
....[##....##########
. #≈≈.≈≈.....# #
w≈≈≈≈##≈.##.###
≈≈≈≈≈≈≈≈≈≈#...##
##≈≈≈w≈≈≈≈≈#...#
≈≈≈≈≈≈≈#≈≈.##.#
≈≈≈≈≈≈≈≈≈≈≈#..#
≈≈≈≈≈##≈#≈≈#@##
≈≈...≈≈..≈≈yO.#
=8.<.....≈≈...#
.≈?8.≈≈≈.≈≈§§.#
#≈≈≈≈≈.§§≈§§##
≈≈≈≈≈≈≈#§§§§§#
≈≈≈≈≈≈≈≈§§§§§#
#≈≈≈≈≈≈≈≈≈#§§#
≈≈≈≈≈≈≈w≈###§§#


You could see a hornet and an ogre.

Vanquished Creatures
  A hound (D:5)
  A jelly (D:5)
  An adder (D:3)
  A shadow imp (D:5)
  4 dart slugs (D:5)
  2 endoplasms
  3 giant cockroaches
  A goblin (D:2)
  A hobgoblin (D:4)
  2 jackals (D:5)
  A kobold (D:4)
  3 quokkas
  2 ball pythons (D:3)
  A bat (D:3)
  2 frilled lizards (D:3)
  A rat (D:3)
27 creatures vanquished.

Vanquished Creatures (others)
  20 fungi (D:5)
20 creatures vanquished.

Grand Total: 47 creatures vanquished

Notes
Turn   | Place    | Note
-------+----------+-------------------------------------------
     0 | D:1      | P0NYSLAYSTATION the Demonspawn Fighter began the quest for
                  | the Orb.
     0 | D:1      | Reached XP level 1. HP: 18/18 MP: 1/1
   108 | D:3      | Gained mutation: You have a pair of small horns on your
                  | head. [demonic ancestry]
   108 | D:3      | Reached XP level 2. HP: 15/24 MP: 2/2
   250 | D:5      | Entered Level 5 of the Dungeon
   265 | D:5      | HP: 1/24 [acid (7)]
   267 | D:5      | Gained mutation: You regenerate a little health from kills.
                  | [demonic ancestry]
   267 | D:5      | Reached XP level 3. HP: 1/29 MP: 3/3
   588 | D:3      | Found Hanoal's General Store.
   755 | D:5      | Reached XP level 4. HP: 35/35 MP: 4/4
  1084 | D:5      | Noticed an ogre
  1087 | D:5      | Noticed a hornet
  1097 | D:5      | Paralysed by a hornet for 1 turns
  1097 | D:5      | Slain by a hornet

Illustrated notes

Levels and vault maps discovered:
D:1:      dpeg_arrival_round_c, layout_basic, basic_ecumenical_altar,
          nrook_uturn, minmay_circled_x
D:2:      layout_loops_corners
D:3:      layout_rooms, serial_shops, nicolae_shop_window_shopping
D:4:      layout_loops_ring, chei_slow_surprise, gup_ossuary_entry_pyramid,
          minmay_misc_feat_cross, minmay_misc_feat_tiny
D:5:      kennysheep_slugbush, layout_basic, serial_aquarium,
          aquarium_bridge_straight [aquarium_subvault_bridge,
          aquarium_subvault_wall, aquarium_subvault_bridge,
          aquarium_subvault_window], aquarium_bridge_square
          [aquarium_subvault_bridge, aquarium_subvault_wall,
          aquarium_subvault_window, aquarium_subvault_wall], aquarium_window_1,
          aquarium_window_fake, aquarium_window_fake,
          aquarium_window_corridor_2, aquarium_view_2a, aquarium_pool_corner,
          fountainhead, minmay_manual_mandibuliform, uniq_sigmund

Skill      XL: |  1  2  3  4 |
---------------+-------------+-----
Polearms       | 2 3 |  3.0
Armour         | 3 |  3.3
Shields        | 3 |  3.3
Fighting       | |  3.3
Dodging        | |  0.3
Stealth        | |  0.2

Action                   |  1- 3 |  4- 6 || total
-------------------------+-------+-------++-------
Melee: Trident           |    83 |    29 ||   112
       Headbutt          |     5 |     8 ||    13
  Use: Potion            |     1 |       ||     1
       Scroll            |       |     3 ||     3
Armor: Scale mail        |    40 |    10 ||    50
Dodge: Dodged            |    34 |     5 ||    39
Block: Kite shield       |    38 |    12 ||    50

Table legend: (Time is in decaauts)
 A = Elapsed time spent in this place.
 B = Non-inter-level travel time spent in this place.
 C = Inter-level travel time spent in this place.
 D = Time resting spent in this place.
 E = Time spent auto-exploring this place.
 F = Levels seen in this place.
 G = Mean time per level.
                   A        B        C        D        E       F      G
               +--------+--------+--------+--------+--------+-----+--------+
         Total |   1151 |   1125 |     26 |    356 |    344 |   5 |  230.2 |
       Dungeon |   1151 |   1125 |     26 |    356 |    344 |   5 |  230.2 |
               +--------+--------+--------+--------+--------+-----+--------+

Top non-repeatable levels by time:
     D:5: 474 daAuts
     D:4: 312 daAuts
     D:3: 241 daAuts
     D:2: 69 daAuts
     D:1: 53 daAuts
